Newfoundland Shamrocks vs Ste. Rose Royals
Created - Thursday, May 25, 2023 at 09:56
Goals
|
| Newfoundland Shamrocks |
0 |
3 |
0 |
3 |
| Ste. Rose Royals |
0 |
3 |
1 |
4 |
|
Shots
|
| Newfoundland Shamrocks |
15 |
17 |
16 |
48 |
| Ste. Rose Royals |
7 |
17 |
9 |
33 |
|
1st period
No Goal
Penalties :
Libor Hajek (BWK) for Holding Stick (Minor) at 15:39
2nd period
1. Newfoundland Shamrocks , Alex Chiasson 37 (Denis Gurianov 25, Alec Regula 11) at 2:20
2. Ste. Rose Royals , Colin Blackwell 22 (Noel Acciari 33, Trevor Lewis 26) at 2:48
3. Ste. Rose Royals , Kaapo Kakko 32 (Derek Ryan 39) at 4:03 (PP)
4. Ste. Rose Royals , Noel Acciari 26 (Colin Blackwell 27, Trevor Lewis 27) at 6:33 (PP)
5. Newfoundland Shamrocks , Denis Gurianov 20 (Sean Monahan 24, Alex Chiasson 35) at 18:05
6. Newfoundland Shamrocks , Sean Monahan 18 (Jon Merrill 23) at 18:22
Penalties :
Greg Pateryn (BWK) for Fighting (Major) at 0:57, Max Comtois (NFS) for Fighting (Major) at 0:57, Alec Regula (NFS) for Hooking (Minor) at 3:58, Nicolas Deslauriers (NFS) for Holding (Minor) at 5:39
3rd period
7. Ste. Rose Royals , Derek Ryan 19 (Kaapo Kakko 48, Joel Armia 37) at 19:29 (PP)
Penalties :
Denis Gurianov (NFS) for Delaying the game (Minor) at 6:27, Greg Pateryn (BWK) for Holding (Minor) at 6:31, Ville Heinola (NFS) for High sticking (Minor) at 9:41, Alec Regula (NFS) for Tripping (Minor) at 19:18
Goalie Stats
Dustin Tokarski (NFS), 29 saves from 33 shots - (0.879), L, 11-14-2, 59:36 minutes
Pavel Francouz (BWK), 45 saves from 48 shots - (0.938), W, 18-7-0, 60:00 minutes
Players Stats for Newfoundland Shamrocks
Player Name G A P +/- PIM S H SB GA TA FO MP PP MP PK MP
------------------------------------------------------------------------------------
Alec Regula 0 1 1 0 4 4 2 1 0 1 0/0 20:35 0:01 1:11
Alex Chiasson 1 1 2 3 0 2 1 0 0 1 0/1 19:52 1:04 0:22
Denis Gurianov 1 1 2 3 2 7 3 0 1 0 0/1 18:38 0:59 0:00
Drew O'Connor 0 0 0 -1 0 4 1 0 1 0 0/0 14:41 0:00 2:03
Dylan Coghlan 0 0 0 1 0 0 1 0 0 2 0/0 24:07 0:00 2:02
Filip Hallander 0 0 0 0 0 0 2 0 2 0 1/1 9:27 0:00 0:38
Jacob Bernard-Docker 0 0 0 1 0 0 2 0 0 1 0/0 14:17 1:03 0:00
Jon Merrill 0 1 1 1 0 1 2 2 0 1 0/0 24:37 0:00 2:02
Max Comtois 0 0 0 0 5 6 5 0 1 0 0/0 14:58 1:05 0:04
Nicolas Deslauriers 0 0 0 0 2 7 3 0 1 0 0/0 14:54 0:59 0:29
Raphael Lavoie 0 0 0 0 0 1 1 0 2 0 10/16 15:07 1:04 0:00
Riley Barber 0 0 0 -1 0 2 2 0 2 0 0/0 13:06 0:45 0:00
Sam Poulin 0 0 0 0 0 1 2 0 1 1 0/0 11:06 1:03 0:00
Sean Monahan 1 1 2 3 0 7 0 0 0 0 16/32 21:47 0:13 1:59
Semyon Der-Arguchintsev 0 0 0 0 0 2 1 0 0 0 1/4 10:27 0:57 0:00
Tanner Laczynski 0 0 0 -1 0 1 0 0 0 0 2/2 13:31 0:02 0:55
Ville Heinola 0 0 0 0 2 3 0 1 2 0 0/0 20:02 1:00 0:00
Wyatte Wylie 0 0 0 1 0 0 0 1 0 0 0/0 13:38 0:00 1:11
Players Stats for Ste. Rose Royals
Player Name G A P +/- PIM S H SB GA TA FO MP PP MP PK MP
------------------------------------------------------------------------------------
Brendan Perlini 0 0 0 -1 0 0 2 0 1 0 0/0 14:22 0:00 0:02
Colin Blackwell 1 1 2 0 0 5 3 0 0 0 0/0 17:35 1:58 0:00
Derek Ryan 1 1 2 -1 0 4 1 1 1 1 15/26 18:10 1:15 1:02
Greg Pateryn 0 0 0 -1 7 0 0 0 0 3 0/0 16:34 1:12 1:14
Grigori Denisenko 0 0 0 0 0 2 0 0 0 0 0/0 8:01 0:00 0:00
Jaycob Megna 0 0 0 0 0 1 2 3 0 1 0/0 26:28 1:55 0:45
Joel Armia 0 1 1 -1 0 3 4 1 1 2 3/12 24:05 1:15 1:02
Joel Hanley 0 0 0 -1 0 1 0 2 0 2 0/0 16:15 0:05 0:04
Kaapo Kakko 1 1 2 -1 0 5 1 0 2 0 0/0 17:57 1:15 0:59
Klim Kostin 0 0 0 0 0 1 0 0 0 0 1/2 8:01 0:00 0:00
Kristian Vesalainen 0 0 0 0 0 0 0 0 0 0 0/0 2:06 0:00 0:00
Libor Hajek 0 0 0 0 2 1 1 3 0 0 0/0 14:32 0:00 0:00
Matthew Peca 0 0 0 -1 0 1 1 0 0 0 0/1 14:35 0:00 0:15
Mike Reilly 0 0 0 0 0 1 4 3 0 3 0/0 26:43 1:55 0:45
Nathan Beaulieu 0 0 0 -2 0 0 2 1 0 0 0/0 19:27 1:18 1:18
Noel Acciari 1 1 2 0 0 2 1 0 2 0 0/1 17:35 1:58 0:00
Ryan Poehling 0 0 0 -1 0 3 3 0 0 1 2/4 14:19 0:00 0:00
Trevor Lewis 0 2 2 0 0 3 2 0 0 0 6/11 19:14 1:58 0:46
3 Stars
1 - Alex Chiasson (NFS)
2 - Sean Monahan (NFS)
3 - Denis Gurianov (NFS)
Power Play
Newfoundland Shamrocks - 0 on 2 Attempt(s) - 0.00%
Ste. Rose Royals - 3 on 5 Attempt(s) - 60.00%
Penalty Kill
Newfoundland Shamrocks - 2 on 5 Attempt(s) - 40.00%
- Score 0 goal in Penalty Kill
Ste. Rose Royals - 2 on 2 Attempt(s) - 100.00%
- Score 0 goal in Penalty Kill
Team Stat
Newfoundland Shamrocks - Hits : 28 - Faceoff Wins : 30 - Blocked Shots : 5 - Penalty Minutes : 15
Ste. Rose Royals - Hits : 27 - Faceoff Wins : 27 - Blocked Shots : 14 - Penalty Minutes : 9
Official
Referees : Mark Lemelin and Greg Kimmerly
Linesman : Shandor Alphonso and Shane Heyer
Game Notes
Greg Pateryn and Max Comtois fight to a draw at 0:57 of 2nd period
Newfoundland Shamrocks
5 vs 5 Forward
Center Left Wing Right Wing Time % Phy DF OF
1 Sean Monahan Denis Gurianov Alex Chiasson 40 1 2 2
2 Raphael Lavoie Max Comtois Nicolas Deslauriers 30 1 2 2
3 Tanner Laczynski Drew O'Connor Riley Barber 20 1 2 2
4 Semyon Der-Arguchintsev Filip Hallander Sam Poulin 10 1 2 2
5 vs 5 Defense
Defense Defense Time % Phy DF OF
1 Jon Merrill Dylan Coghlan 40 1 2 2
2 Alec Regula Ville Heinola 30 1 2 2
3 Jacob Bernard-Docker Wyatte Wylie 20 1 2 2
4 Jon Merrill Dylan Coghlan 10 1 2 2
PowerPlay Forward
Center Left Wing Right Wing Time % Phy DF OF
1 Raphael Lavoie Max Comtois Alex Chiasson 60 1 2 2
2 Semyon Der-Arguchintsev Denis Gurianov Riley Barber 40 1 2 2
PowerPlay Defense
Defense Defense Time % Phy DF OF
1 Sam Poulin Jacob Bernard-Docker 60 1 2 2
2 Nicolas Deslauriers Ville Heinola 40 1 2 2
Penalty Kill 4 Players Forward
Center Wing Time % Phy DF OF
1 Sean Monahan Drew O'Connor 60 1 2 2
2 Tanner Laczynski Filip Hallander 40 1 2 2
Penalty Kill 4 Players Defense
Defense Defense Time % Phy DF OF
1 Jon Merrill Dylan Coghlan 60 1 2 2
2 Wyatte Wylie Alec Regula 40 1 2 2
Penalty Kill - 3 Players Forward
Forward Time % Phy DF OF
1 Sean Monahan 60 1 2 2
2 Tanner Laczynski 40 1 2 2
Penalty Kill - 3 Players Defense
Defense Defense Time % Phy DF OF
1 Jon Merrill Dylan Coghlan 60 1 2 2
2 Alec Regula Wyatte Wylie 40 1 2 2
4 vs 4 Forward
Center Wing Time % Phy DF OF
1 Sean Monahan Alex Chiasson 60 1 2 2
2 Semyon Der-Arguchintsev Denis Gurianov 40 1 2 2
4 vs 4 Defense
Defense Defense Time % Phy DF OF
1 Jon Merrill Dylan Coghlan 60 1 2 2
2 Alec Regula Ville Heinola 40 1 2 2
Last Minutes Offensive
Center Left Wing Right Wing Defense Defense
Raphael Lavoie Max Comtois Sam Poulin Jon Merrill Alec Regula
Last Minutes Defensive
Center Left Wing Right Wing Defense Defense
Tanner Laczynski Alex Chiasson Nicolas Deslauriers Jon Merrill Alec Regula
Goaltenders
Starting : Dustin Tokarski
Backup : Louis Domingue
Extra Forwards
Normal : Max Comtois, Sean Monahan, Denis Gurianov - PP : Sean Monahan, Tanner Laczynski - PK : Nicolas Deslauriers
Extra Defensemen
Normal : Alec Regula, Jon Merrill, Dylan Coghlan - PP : Wyatte Wylie - PK : Ville Heinola, Jacob Bernard-Docker
Penalty Shots
Alex Chiasson, Max Comtois, Nicolas Deslauriers, Riley Barber, Filip Hallander
Ste. Rose Royals
5 vs 5 Forward
Center Left Wing Right Wing Time % Phy DF OF
1 Derek Ryan Joel Armia Kaapo Kakko 30 1 2 2
2 Trevor Lewis Noel Acciari Colin Blackwell 30 1 2 2
3 Ryan Poehling Matthew Peca Brendan Perlini 25 1 2 2
4 Joel Armia Klim Kostin Grigori Denisenko 15 1 2 2
5 vs 5 Defense
Defense Defense Time % Phy DF OF
1 Jaycob Megna Mike Reilly 30 1 2 2
2 Greg Pateryn Nathan Beaulieu 30 1 2 2
3 Joel Hanley Libor Hajek 25 1 2 2
4 Jaycob Megna Mike Reilly 15 1 2 2
PowerPlay Forward
Center Left Wing Right Wing Time % Phy DF OF
1 Derek Ryan Joel Armia Kaapo Kakko 50 1 2 2
2 Trevor Lewis Noel Acciari Colin Blackwell 50 1 2 2
PowerPlay Defense
Defense Defense Time % Phy DF OF
1 Jaycob Megna Mike Reilly 50 1 2 2
2 Greg Pateryn Nathan Beaulieu 50 1 2 2
Penalty Kill 4 Players Forward
Center Wing Time % Phy DF OF
1 Joel Armia Derek Ryan 50 1 2 2
2 Kaapo Kakko Trevor Lewis 50 1 2 2
Penalty Kill 4 Players Defense
Defense Defense Time % Phy DF OF
1 Jaycob Megna Mike Reilly 50 1 2 2
2 Greg Pateryn Nathan Beaulieu 50 1 2 2
Penalty Kill - 3 Players Forward
Forward Time % Phy DF OF
1 Joel Armia 50 1 2 2
2 Derek Ryan 50 1 2 2
Penalty Kill - 3 Players Defense
Defense Defense Time % Phy DF OF
1 Jaycob Megna Mike Reilly 50 1 2 2
2 Greg Pateryn Nathan Beaulieu 50 1 2 2
4 vs 4 Forward
Center Wing Time % Phy DF OF
1 Joel Armia Derek Ryan 50 1 2 2
2 Kaapo Kakko Trevor Lewis 50 1 2 2
4 vs 4 Defense
Defense Defense Time % Phy DF OF
1 Jaycob Megna Mike Reilly 50 1 2 2
2 Greg Pateryn Nathan Beaulieu 50 1 2 2
Last Minutes Offensive
Center Left Wing Right Wing Defense Defense
Derek Ryan Joel Armia Kaapo Kakko Jaycob Megna Mike Reilly
Last Minutes Defensive
Center Left Wing Right Wing Defense Defense
Derek Ryan Joel Armia Kaapo Kakko Jaycob Megna Mike Reilly
Goaltenders
Starting : Pavel Francouz
Backup : Cayden Primeau
Extra Forwards
Normal : Kristian Vesalainen, Ryan Poehling, Matthew Peca - PP : Kristian Vesalainen, Ryan Poehling - PK : Matthew Peca
Extra Defensemen
Normal : Joel Hanley, Libor Hajek, Greg Pateryn - PP : Joel Hanley - PK : Libor Hajek, Greg Pateryn
Penalty Shots
Joel Armia, Derek Ryan, Kaapo Kakko, Trevor Lewis, Noel Acciari
% Time on Ice - Newfoundland Shamrocks
Lines # - Real PCT - Wanted PCT - Time Play
Normal Forward
1 - 33% - 40% - 17:16
2 - 26% - 30% - 13:51
3 - 24% - 20% - 12:23
4 - 17% - 10% - 8:49
Normal Defense
1 - 37% - 40% - 19:06
2 - 35% - 30% - 18:13
3 - 23% - 20% - 12:13
4 - 5% - 10% - 2:47
PP Forward
1 - 52% - 60% - 1:04
2 - 48% - 40% - 0:59
PP Defense
1 - 51% - 60% - 1:03
2 - 49% - 40% - 1:00
PK Forward
1 - 80% - 60% - 2:35
2 - 20% - 40% - 0:38
PK Defense
1 - 63% - 60% - 2:02
2 - 37% - 40% - 1:11
PK3 Forward
1 - 0% - 60%
2 - 0% - 40%
PK3 Defense
1 - 0% - 60%
2 - 0% - 40%
44 Forward
1 - 74% - 60% - 1:25
2 - 26% - 40% - 0:30
44 Defense
1 - 63% - 60% - 1:13
2 - 37% - 40% - 0:42
Last Minute Offensive - 0:30
Last Minute Defensive - 0:00
Total
Forward - 60:00
Defense - 60:00
|
% Time on Ice - Ste. Rose Royals
Lines # - Real PCT - Wanted PCT - Time Play
Normal Forward
1 - 27% - 30% - 14:20
2 - 30% - 30% - 15:39
3 - 27% - 25% - 14:19
4 - 15% - 15% - 8:01
Normal Defense
1 - 29% - 30% - 15:17
2 - 31% - 30% - 16:03
3 - 27% - 25% - 14:05
4 - 13% - 15% - 6:54
PP Forward
1 - 39% - 50% - 1:15
2 - 61% - 50% - 1:58
PP Defense
1 - 60% - 50% - 1:55
2 - 40% - 50% - 1:18
PK Forward
1 - 50% - 50% - 1:02
2 - 50% - 50% - 1:01
PK Defense
1 - 37% - 50% - 0:45
2 - 63% - 50% - 1:18
PK3 Forward
1 - 0% - 50%
2 - 0% - 50%
PK3 Defense
1 - 0% - 50%
2 - 0% - 50%
44 Forward
1 - 55% - 50% - 1:03
2 - 45% - 50% - 0:52
44 Defense
1 - 58% - 50% - 1:07
2 - 42% - 50% - 0:48
Last Minute Offensive - 0:00
Last Minute Defensive - 0:30
Total
Forward - 60:00
Defense - 60:00
|
Play-by-Play
1st period
0:01 of 1st period - Derek Ryan wins face-off versus Sean Monahan in neutral zone.
0:47 of 1st period - Snap shot by Max Comtois.
0:47 of 1st period - Stopped by Pavel Francouz with a rebound.
0:49 of 1st period - Slapshot by Jon Merrill.
0:49 of 1st period - Stopped by Pavel Francouz without a rebound.
0:50 of 1st period - Tanner Laczynski wins face-off versus Joel Armia in Ste. Rose Royals zone.
0:51 of 1st period - Snap shot by Riley Barber.
0:51 of 1st period - Shot Blocked by Joel Hanley.
0:53 of 1st period - Snap shot by Tanner Laczynski.
0:53 of 1st period - Shot Misses the Net.
0:55 of 1st period - Wrist shot by Alec Regula.
0:55 of 1st period - Stopped by Pavel Francouz with a rebound.
0:57 of 1st period - Snap shot by Alec Regula.
0:57 of 1st period - Stopped by Pavel Francouz without a rebound.
0:58 of 1st period - Joel Armia wins face-off versus Semyon Der-Arguchintsev in Ste. Rose Royals zone.
1:25 of 1st period - Snap shot by Alex Chiasson.
1:25 of 1st period - Shot Blocked by Libor Hajek.
1:29 of 1st period - Snap shot by Denis Gurianov.
1:29 of 1st period - Stopped by Pavel Francouz without a rebound.
1:30 of 1st period - Trevor Lewis wins face-off versus Raphael Lavoie in Ste. Rose Royals zone.
1:35 of 1st period - Wrist shot by Noel Acciari.
1:35 of 1st period - Shot Misses the Net.
1:42 of 1st period - Icing by Wyatte Wylie.
1:43 of 1st period - Derek Ryan wins face-off versus Raphael Lavoie in Newfoundland Shamrocks zone.
3:47 of 1st period - Noel Acciari is hit by Max Comtois and loses puck.
4:12 of 1st period - Snap shot by Semyon Der-Arguchintsev.
4:12 of 1st period - Stopped by Pavel Francouz without a rebound.
4:13 of 1st period - Filip Hallander wins face-off versus Matthew Peca in Ste. Rose Royals zone.
4:38 of 1st period - Alex Chiasson is hit by Joel Armia and loses puck.
5:07 of 1st period - Noel Acciari is hit by Nicolas Deslauriers and loses puck.
6:10 of 1st period - Joel Armia is hit by Alec Regula and loses puck.
6:17 of 1st period - Snap shot by Sam Poulin.
6:17 of 1st period - Stopped by Pavel Francouz with a rebound.
6:19 of 1st period - Snap shot by Ville Heinola.
6:19 of 1st period - Shot Misses the Net.
6:21 of 1st period - Slapshot by Ville Heinola.
6:21 of 1st period - Deflect By Sam Poulin.
6:21 of 1st period - Shot Misses the Net.
6:21 of 1st period - Puck is out of play.
6:22 of 1st period - Trevor Lewis wins face-off versus Sean Monahan in Ste. Rose Royals zone.
6:22 of 1st period - Trevor Lewis is hit by Denis Gurianov.
7:11 of 1st period - Snap shot by Max Comtois.
7:11 of 1st period - Stopped by Pavel Francouz with a rebound.
7:23 of 1st period - Colin Blackwell is hit by Riley Barber and loses puck.
7:51 of 1st period - Wrist shot by Matthew Peca.
7:51 of 1st period - Deflect By Ryan Poehling.
7:51 of 1st period - Stopped by Dustin Tokarski with a rebound.
8:53 of 1st period - Wrist shot by Filip Hallander.
8:53 of 1st period - Deflect By Semyon Der-Arguchintsev.
8:53 of 1st period - Shot Misses the Net.
8:53 of 1st period - Puck is out of play.
8:54 of 1st period - Derek Ryan wins face-off versus Semyon Der-Arguchintsev in Ste. Rose Royals zone.
8:54 of 1st period - Derek Ryan is hit by Filip Hallander.
9:33 of 1st period - Off-side.
9:34 of 1st period - Sean Monahan wins face-off versus Trevor Lewis in neutral zone.
9:43 of 1st period - Wrist shot by Sean Monahan.
9:43 of 1st period - Stopped by Pavel Francouz with a rebound.
10:05 of 1st period - Wrist shot by Joel Armia.
10:05 of 1st period - Shot Misses the Net.
10:07 of 1st period - Slapshot by Greg Pateryn.
10:07 of 1st period - Deflect By Kaapo Kakko.
10:07 of 1st period - Shot Blocked by Ville Heinola.
10:07 of 1st period - Puck is out of play.
10:08 of 1st period - Derek Ryan wins face-off versus Alex Chiasson in Newfoundland Shamrocks zone.
10:15 of 1st period - Wrist shot by Kaapo Kakko.
10:15 of 1st period - Stopped by Dustin Tokarski with a rebound.
10:21 of 1st period - Snap shot by Joel Armia.
10:21 of 1st period - Stopped by Dustin Tokarski with a rebound.
10:23 of 1st period - Slapshot by Kaapo Kakko.
10:23 of 1st period - Shot Misses the Net.
10:33 of 1st period - Colin Blackwell is hit by Raphael Lavoie and loses puck.
10:38 of 1st period - Wrist shot by Max Comtois.
10:38 of 1st period - Shot Misses the Net.
10:52 of 1st period - Slapshot by Joel Armia.
10:52 of 1st period - Shot Blocked by Wyatte Wylie.
10:54 of 1st period - Wrist shot by Joel Armia.
10:54 of 1st period - Stopped by Dustin Tokarski with a rebound.
10:56 of 1st period - Slapshot by Klim Kostin.
10:56 of 1st period - Stopped by Dustin Tokarski with a rebound.
11:50 of 1st period - Sean Monahan is hit by Joel Armia and loses puck.
12:25 of 1st period - Snap shot by Denis Gurianov.
12:25 of 1st period - Stopped by Pavel Francouz with a rebound.
12:27 of 1st period - Snap shot by Denis Gurianov.
12:27 of 1st period - Shot Blocked by Nathan Beaulieu.
12:39 of 1st period - Ryan Poehling is hit by Denis Gurianov and loses puck.
13:01 of 1st period - Off-side.
13:02 of 1st period - Derek Ryan wins face-off versus Raphael Lavoie in neutral zone.
13:27 of 1st period - Drew O'Connor is hit by Noel Acciari and loses puck.
13:48 of 1st period - Snap shot by Grigori Denisenko.
13:48 of 1st period - Stopped by Dustin Tokarski without a rebound.
13:49 of 1st period - Semyon Der-Arguchintsev wins face-off versus Joel Armia in Newfoundland Shamrocks zone.
13:54 of 1st period - Snap shot by Semyon Der-Arguchintsev.
13:54 of 1st period - Stopped by Pavel Francouz without a rebound.
13:55 of 1st period - Derek Ryan wins face-off versus Raphael Lavoie in Ste. Rose Royals zone.
13:55 of 1st period - Derek Ryan is hit by Nicolas Deslauriers.
14:03 of 1st period - Wrist shot by Nicolas Deslauriers.
14:03 of 1st period - Stopped by Pavel Francouz with a rebound.
14:05 of 1st period - Slapshot by Ville Heinola.
14:05 of 1st period - Shot Hit the Post.
14:07 of 1st period - Wrist shot by Nicolas Deslauriers.
14:07 of 1st period - Stopped by Pavel Francouz with a rebound.
14:09 of 1st period - Snap shot by Alec Regula.
14:09 of 1st period - Shot Blocked by Derek Ryan.
14:11 of 1st period - Wrist shot by Ville Heinola.
14:11 of 1st period - Shot Blocked by Jaycob Megna.
14:40 of 1st period - Alec Regula is hit by Mike Reilly and loses puck.
14:53 of 1st period - Alec Regula is hit by Jaycob Megna and loses puck.
15:02 of 1st period - Slapshot by Trevor Lewis.
15:02 of 1st period - Shot Blocked by Alec Regula.
15:24 of 1st period - Snap shot by Riley Barber.
15:24 of 1st period - Stopped by Pavel Francouz with a rebound.
15:26 of 1st period - Slapshot by Ville Heinola.
15:26 of 1st period - Deflect By Noel Acciari.
15:26 of 1st period - Stopped by Pavel Francouz without a rebound.
15:27 of 1st period - Sean Monahan wins face-off versus Derek Ryan in Ste. Rose Royals zone.
15:39 of 1st period - Minor Penalty to Libor Hajek for Holding Stick.
15:40 of 1st period - Raphael Lavoie wins face-off versus Joel Armia in Ste. Rose Royals zone.
16:06 of 1st period - Nathan Beaulieu is hit by Sam Poulin and loses puck.
17:03 of 1st period - Nathan Beaulieu is hit by Denis Gurianov and loses puck.
17:39 of 1st period - Penalty to Libor Hajek is over, Libor Hajek is back on ice.
17:54 of 1st period - Snap shot by Matthew Peca.
17:54 of 1st period - Stopped by Dustin Tokarski with a rebound.
18:25 of 1st period - Raphael Lavoie is hit by Mike Reilly and loses puck.
18:42 of 1st period - Filip Hallander is hit by Colin Blackwell and loses puck.
Goals for this period are 0 for Newfoundland Shamrocks vs 0 for Ste. Rose Royals.
Shots for this period are 15 for Newfoundland Shamrocks vs 7 for Ste. Rose Royals.
2nd period
0:01 of 2nd period - Derek Ryan wins face-off versus Sean Monahan in neutral zone.
0:26 of 2nd period - Denis Gurianov is hit by Ryan Poehling and loses puck.
0:40 of 2nd period - Icing by Jaycob Megna.
0:41 of 2nd period - Ryan Poehling wins face-off versus Raphael Lavoie in Ste. Rose Royals zone.
0:46 of 2nd period - Wrist shot by Brendan Perlini.
0:46 of 2nd period - Shot Misses the Net.
0:48 of 2nd period - Snap shot by Ryan Poehling.
0:48 of 2nd period - Stopped by Dustin Tokarski without a rebound.
0:49 of 2nd period - Raphael Lavoie wins face-off versus Derek Ryan in Newfoundland Shamrocks zone.
0:56 of 2nd period - Snap shot by Raphael Lavoie.
0:56 of 2nd period - Shot Hit the Post.
0:57 of 2nd period - Greg Pateryn and Max Comtois fight to a draw.
0:57 of 2nd period - Penalty to Greg Pateryn for Fighting.
0:57 of 2nd period - Penalty to Max Comtois for Fighting.
0:58 of 2nd period - Sean Monahan wins face-off versus Derek Ryan in Ste. Rose Royals zone.
1:07 of 2nd period - Snap shot by Joel Armia.
1:07 of 2nd period - Shot Misses the Net.
1:09 of 2nd period - Snap shot by Derek Ryan.
1:09 of 2nd period - Stopped by Dustin Tokarski without a rebound.
1:10 of 2nd period - Derek Ryan wins face-off versus Sean Monahan in Newfoundland Shamrocks zone.
1:13 of 2nd period - Snap shot by Kaapo Kakko.
1:13 of 2nd period - Shot Misses the Net.
1:19 of 2nd period - Snap shot by Alex Chiasson.
1:19 of 2nd period - Stopped by Pavel Francouz without a rebound.
1:20 of 2nd period - Derek Ryan wins face-off versus Sean Monahan in Ste. Rose Royals zone.
1:25 of 2nd period - Wrist shot by Sean Monahan.
1:25 of 2nd period - Shot Misses the Net.
1:27 of 2nd period - Snap shot by Sean Monahan.
1:27 of 2nd period - Stopped by Pavel Francouz without a rebound.
1:28 of 2nd period - Sean Monahan wins face-off versus Derek Ryan in Ste. Rose Royals zone.
1:31 of 2nd period - Wrist shot by Denis Gurianov.
1:31 of 2nd period - Shot Misses the Net.
1:43 of 2nd period - Wrist shot by Joel Armia.
1:43 of 2nd period - Shot Misses the Net.
2:12 of 2nd period - Snap shot by Denis Gurianov.
2:12 of 2nd period - Stopped by Pavel Francouz with a rebound.
2:20 of 2nd period - Snap shot by Alex Chiasson.
2:20 of 2nd period - Goal by Alex Chiasson - Newfoundland Shamrocks : 1 - Ste. Rose Royals : 0.
2:21 of 2nd period - Raphael Lavoie wins face-off versus Derek Ryan in neutral zone.
2:48 of 2nd period - Wrist shot by Noel Acciari.
2:48 of 2nd period - Deflect By Colin Blackwell.
2:48 of 2nd period - Goal by Colin Blackwell - Newfoundland Shamrocks : 1 - Ste. Rose Royals : 1.
2:49 of 2nd period - Raphael Lavoie wins face-off versus Derek Ryan in neutral zone.
3:05 of 2nd period - Snap shot by Kaapo Kakko.
3:05 of 2nd period - Shot Misses the Net.
3:32 of 2nd period - Snap shot by Drew O'Connor.
3:32 of 2nd period - Shot Blocked by Mike Reilly.
3:58 of 2nd period - Minor Penalty to Alec Regula for Hooking.
3:59 of 2nd period - Derek Ryan wins face-off versus Sean Monahan in Newfoundland Shamrocks zone.
4:01 of 2nd period - Snap shot by Joel Armia.
4:01 of 2nd period - Deflect By Derek Ryan.
4:01 of 2nd period - Shot Misses the Net.
4:01 of 2nd period - Puck is out of play.
4:02 of 2nd period - Derek Ryan wins face-off versus Sean Monahan in Newfoundland Shamrocks zone.
4:03 of 2nd period - Snap shot by Kaapo Kakko.
4:03 of 2nd period - Deflect By Drew O'Connor.
4:03 of 2nd period - Goal by Kaapo Kakko - Newfoundland Shamrocks : 1 - Ste. Rose Royals : 2.
4:04 of 2nd period - Klim Kostin wins face-off versus Sean Monahan in neutral zone.
4:13 of 2nd period - Jaycob Megna is hit by Jon Merrill and loses puck.
4:47 of 2nd period - Snap shot by Matthew Peca.
4:47 of 2nd period - Shot Misses the Net.
5:17 of 2nd period - Snap shot by Joel Armia.
5:17 of 2nd period - Stopped by Dustin Tokarski with a rebound.
5:23 of 2nd period - Libor Hajek is hit by Jacob Bernard-Docker and loses puck.
5:39 of 2nd period - Minor Penalty to Nicolas Deslauriers for Holding.
5:40 of 2nd period - Trevor Lewis wins face-off versus Sean Monahan in Newfoundland Shamrocks zone.
5:55 of 2nd period - Snap shot by Trevor Lewis.
5:55 of 2nd period - Stopped by Dustin Tokarski with a rebound.
5:57 of 2nd period - Penalty to Max Comtois is over, Max Comtois is back on ice.
6:33 of 2nd period - Wrist shot by Noel Acciari.
6:33 of 2nd period - Goal by Noel Acciari - Newfoundland Shamrocks : 1 - Ste. Rose Royals : 3.
6:34 of 2nd period - Raphael Lavoie wins face-off versus Derek Ryan in neutral zone.
6:59 of 2nd period - Derek Ryan is hit by Jon Merrill and loses puck.
7:58 of 2nd period - Snap shot by Riley Barber.
7:58 of 2nd period - Stopped by Pavel Francouz with a rebound.
8:14 of 2nd period - Wrist shot by Drew O'Connor.
8:14 of 2nd period - Stopped by Pavel Francouz with a rebound.
8:16 of 2nd period - Wrist shot by Drew O'Connor.
8:16 of 2nd period - Stopped by Pavel Francouz with a rebound.
8:18 of 2nd period - Slapshot by Drew O'Connor.
8:18 of 2nd period - Shot Misses the Net.
8:20 of 2nd period - Snap shot by Tanner Laczynski.
8:20 of 2nd period - Shot Misses the Net.
8:28 of 2nd period - Snap shot by Drew O'Connor.
8:28 of 2nd period - Shot Misses the Net.
8:30 of 2nd period - Snap shot by Drew O'Connor.
8:30 of 2nd period - Stopped by Pavel Francouz with a rebound.
8:38 of 2nd period - Wrist shot by Derek Ryan.
8:38 of 2nd period - Stopped by Dustin Tokarski without a rebound.
8:39 of 2nd period - Trevor Lewis wins face-off versus Sean Monahan in Newfoundland Shamrocks zone.
8:46 of 2nd period - Slapshot by Noel Acciari.
8:46 of 2nd period - Stopped by Dustin Tokarski with a rebound.
8:48 of 2nd period - Snap shot by Trevor Lewis.
8:48 of 2nd period - Shot Misses the Net.
9:04 of 2nd period - Sean Monahan is hit by Ryan Poehling and loses puck.
9:25 of 2nd period - Wrist shot by Nicolas Deslauriers.
9:25 of 2nd period - Stopped by Pavel Francouz with a rebound.
9:27 of 2nd period - Slapshot by Alec Regula.
9:27 of 2nd period - Shot Misses the Net.
9:29 of 2nd period - Slapshot by Ville Heinola.
9:29 of 2nd period - Stopped by Pavel Francouz without a rebound.
9:30 of 2nd period - Ryan Poehling wins face-off versus Raphael Lavoie in Ste. Rose Royals zone.
9:30 of 2nd period - Ryan Poehling is hit by Max Comtois.
9:42 of 2nd period - Snap shot by Matthew Peca.
9:42 of 2nd period - Deflect By Ryan Poehling.
9:42 of 2nd period - Stopped by Dustin Tokarski with a rebound.
9:56 of 2nd period - Filip Hallander is hit by Trevor Lewis and loses puck.
11:36 of 2nd period - Jaycob Megna is hit by Filip Hallander and loses puck.
11:47 of 2nd period - Kristian Vesalainen is hit by Alec Regula and loses puck.
12:50 of 2nd period - Grigori Denisenko is hit by Sam Poulin.
13:06 of 2nd period - Nathan Beaulieu is hit by Nicolas Deslauriers and loses puck.
13:24 of 2nd period - Derek Ryan is hit by Dylan Coghlan and loses puck.
13:41 of 2nd period - Ville Heinola is hit by Trevor Lewis.
13:45 of 2nd period - Jaycob Megna is hit by Riley Barber and loses puck.
13:54 of 2nd period - Wrist shot by Drew O'Connor.
13:54 of 2nd period - Stopped by Pavel Francouz without a rebound.
13:55 of 2nd period - Raphael Lavoie wins face-off versus Joel Armia in Ste. Rose Royals zone.
14:21 of 2nd period - Backhand shot by Matthew Peca.
14:21 of 2nd period - Shot Misses the Net.
14:31 of 2nd period - Tanner Laczynski is hit by Colin Blackwell and loses puck.
15:13 of 2nd period - Slapshot by Dylan Coghlan.
15:13 of 2nd period - Shot Misses the Net.
15:51 of 2nd period - Tanner Laczynski is hit by Brendan Perlini.
16:01 of 2nd period - Wyatte Wylie is hit by Derek Ryan and loses puck.
16:19 of 2nd period - Jaycob Megna is hit by Jacob Bernard-Docker and loses puck.
16:34 of 2nd period - Semyon Der-Arguchintsev is hit by Ryan Poehling and loses puck.
16:43 of 2nd period - Jaycob Megna is hit by Semyon Der-Arguchintsev and loses puck.
16:56 of 2nd period - Alec Regula is hit by Kaapo Kakko and loses puck.
18:05 of 2nd period - Snap shot by Denis Gurianov.
18:05 of 2nd period - Goal by Denis Gurianov - Newfoundland Shamrocks : 2 - Ste. Rose Royals : 3.
18:06 of 2nd period - Sean Monahan wins face-off versus Joel Armia in neutral zone.
18:22 of 2nd period - Slapshot by Sean Monahan.
18:22 of 2nd period - Goal by Sean Monahan - Newfoundland Shamrocks : 3 - Ste. Rose Royals : 3.
18:23 of 2nd period - Trevor Lewis wins face-off versus Sean Monahan in neutral zone.
18:26 of 2nd period - Slapshot by Mike Reilly.
18:26 of 2nd period - Stopped by Dustin Tokarski with a rebound.
18:32 of 2nd period - Noel Acciari is hit by Alex Chiasson and loses puck.
18:39 of 2nd period - Backhand shot by Sean Monahan.
18:39 of 2nd period - Shot Blocked by Jaycob Megna.
18:49 of 2nd period - Trevor Lewis is hit by Drew O'Connor and loses puck.
19:00 of 2nd period - Wrist shot by Trevor Lewis.
19:00 of 2nd period - Stopped by Dustin Tokarski with a rebound.
19:02 of 2nd period - Snap shot by Trevor Lewis.
19:02 of 2nd period - Deflect By Colin Blackwell.
19:02 of 2nd period - Stopped by Dustin Tokarski with a rebound.
19:04 of 2nd period - Slapshot by Joel Hanley.
19:04 of 2nd period - Deflect By Colin Blackwell.
19:04 of 2nd period - Stopped by Dustin Tokarski with a rebound.
19:06 of 2nd period - Slapshot by Joel Hanley.
19:06 of 2nd period - Stopped by Dustin Tokarski with a rebound.
19:08 of 2nd period - Snap shot by Trevor Lewis.
19:08 of 2nd period - Shot Misses the Net.
19:10 of 2nd period - Slapshot by Libor Hajek.
19:10 of 2nd period - Stopped by Dustin Tokarski with a rebound.
19:12 of 2nd period - Snap shot by Colin Blackwell.
19:12 of 2nd period - Shot Misses the Net.
19:16 of 2nd period - Slapshot by Trevor Lewis.
19:16 of 2nd period - Stopped by Dustin Tokarski without a rebound.
19:17 of 2nd period - Derek Ryan wins face-off versus Sean Monahan in Newfoundland Shamrocks zone.
19:30 of 2nd period - Snap shot by Alex Chiasson.
19:30 of 2nd period - Deflect By Sean Monahan.
19:30 of 2nd period - Stopped by Pavel Francouz without a rebound.
19:31 of 2nd period - Raphael Lavoie wins face-off versus Joel Armia in Ste. Rose Royals zone.
19:32 of 2nd period - Wrist shot by Max Comtois.
19:32 of 2nd period - Shot Misses the Net.
19:34 of 2nd period - Snap shot by Raphael Lavoie.
19:34 of 2nd period - Shot Misses the Net.
19:36 of 2nd period - Slapshot by Ville Heinola.
19:36 of 2nd period - Shot Blocked by Mike Reilly.
19:38 of 2nd period - Snap shot by Alec Regula.
19:38 of 2nd period - Shot Blocked by Mike Reilly.
19:40 of 2nd period - Snap shot by Max Comtois.
19:40 of 2nd period - Stopped by Pavel Francouz with a rebound.
19:42 of 2nd period - Wrist shot by Nicolas Deslauriers.
19:42 of 2nd period - Stopped by Pavel Francouz with a rebound.
19:44 of 2nd period - Slapshot by Alec Regula.
19:44 of 2nd period - Stopped by Pavel Francouz without a rebound.
19:45 of 2nd period - Sean Monahan wins face-off versus Derek Ryan in Ste. Rose Royals zone.
19:54 of 2nd period - Jon Merrill is hit by Mike Reilly and loses puck.
Goals for this period are 3 for Newfoundland Shamrocks vs 3 for Ste. Rose Royals.
Shots for this period are 17 for Newfoundland Shamrocks vs 17 for Ste. Rose Royals.
3rd period
0:01 of 3rd period - Sean Monahan wins face-off versus Derek Ryan in neutral zone.
0:36 of 3rd period - Snap shot by Riley Barber.
0:36 of 3rd period - Shot Misses the Net.
0:38 of 3rd period - Snap shot by Riley Barber.
0:38 of 3rd period - Deflect By Tanner Laczynski.
0:38 of 3rd period - Stopped by Pavel Francouz with a rebound.
0:50 of 3rd period - Trevor Lewis is hit by Max Comtois and loses puck.
1:31 of 3rd period - Icing by Jacob Bernard-Docker.
1:32 of 3rd period - Sean Monahan wins face-off versus Klim Kostin in Newfoundland Shamrocks zone.
1:32 of 3rd period - Sean Monahan is hit by Joel Armia.
1:48 of 3rd period - Snap shot by Sean Monahan.
1:48 of 3rd period - Stopped by Pavel Francouz with a rebound.
1:50 of 3rd period - Slapshot by Raphael Lavoie.
1:50 of 3rd period - Shot Misses the Net.
1:52 of 3rd period - Snap shot by Nicolas Deslauriers.
1:52 of 3rd period - Stopped by Pavel Francouz with a rebound.
1:54 of 3rd period - Slapshot by Jacob Bernard-Docker.
1:54 of 3rd period - Shot Misses the Net.
1:56 of 3rd period - Slapshot by Nicolas Deslauriers.
1:56 of 3rd period - Shot Hit the Post.
1:58 of 3rd period - Slapshot by Jacob Bernard-Docker.
1:58 of 3rd period - Shot Misses the Net.
2:00 of 3rd period - Snap shot by Max Comtois.
2:00 of 3rd period - Stopped by Pavel Francouz without a rebound.
2:01 of 3rd period - Sean Monahan wins face-off versus Ryan Poehling in Ste. Rose Royals zone.
2:37 of 3rd period - Raphael Lavoie is hit by Colin Blackwell and loses puck.
2:54 of 3rd period - Dylan Coghlan is hit by Nathan Beaulieu and loses puck.
3:37 of 3rd period - Wrist shot by Klim Kostin.
3:37 of 3rd period - Shot Misses the Net.
5:18 of 3rd period - Icing by Sean Monahan.
5:19 of 3rd period - Joel Armia wins face-off versus Sean Monahan in Newfoundland Shamrocks zone.
5:20 of 3rd period - Snap shot by Grigori Denisenko.
5:20 of 3rd period - Stopped by Dustin Tokarski with a rebound.
5:22 of 3rd period - Snap shot by Jaycob Megna.
5:22 of 3rd period - Stopped by Dustin Tokarski without a rebound.
5:23 of 3rd period - Trevor Lewis wins face-off versus Denis Gurianov in Newfoundland Shamrocks zone.
5:32 of 3rd period - Snap shot by Colin Blackwell.
5:32 of 3rd period - Shot Blocked by Jon Merrill.
5:50 of 3rd period - Raphael Lavoie is hit by Mike Reilly.
6:00 of 3rd period - Brendan Perlini is hit by Max Comtois and loses puck.
6:15 of 3rd period - Tanner Laczynski is hit by Libor Hajek and loses puck.
6:20 of 3rd period - Snap shot by Kaapo Kakko.
6:20 of 3rd period - Stopped by Dustin Tokarski without a rebound.
6:21 of 3rd period - Sean Monahan wins face-off versus Trevor Lewis in Newfoundland Shamrocks zone.
6:27 of 3rd period - Minor Penalty to Denis Gurianov for Delaying the game.
6:28 of 3rd period - Derek Ryan wins face-off versus Sean Monahan in Newfoundland Shamrocks zone.
6:31 of 3rd period - Minor Penalty to Greg Pateryn for Holding.
6:32 of 3rd period - Sean Monahan wins face-off versus Joel Armia in Ste. Rose Royals zone.
7:17 of 3rd period - Off-side.
7:18 of 3rd period - Joel Armia wins face-off versus Semyon Der-Arguchintsev in neutral zone.
7:31 of 3rd period - Wrist shot by Semyon Der-Arguchintsev.
7:31 of 3rd period - Shot Misses the Net.
7:33 of 3rd period - Slapshot by Ville Heinola.
7:33 of 3rd period - Shot Blocked by Joel Armia.
8:09 of 3rd period - Nathan Beaulieu is hit by Max Comtois and loses puck.
8:27 of 3rd period - Penalty to Denis Gurianov is over, Denis Gurianov is back on ice.
8:31 of 3rd period - Penalty to Greg Pateryn is over, Greg Pateryn is back on ice.
8:38 of 3rd period - Jacob Bernard-Docker is hit by Matthew Peca.
8:46 of 3rd period - Sam Poulin is hit by Brendan Perlini and loses puck.
9:27 of 3rd period - Wrist shot by Denis Gurianov.
9:27 of 3rd period - Shot Misses the Net.
9:41 of 3rd period - Minor Penalty to Ville Heinola for High sticking.
9:42 of 3rd period - Sean Monahan wins face-off versus Noel Acciari in Newfoundland Shamrocks zone.
9:57 of 3rd period - Snap shot by Colin Blackwell.
9:57 of 3rd period - Shot Misses the Net.
10:41 of 3rd period - Slapshot by Alec Regula.
10:41 of 3rd period - Deflect By Kaapo Kakko.
10:41 of 3rd period - Stopped by Pavel Francouz with a rebound.
11:41 of 3rd period - Penalty to Ville Heinola is over, Ville Heinola is back on ice.
13:02 of 3rd period - Slapshot by Ville Heinola.
13:02 of 3rd period - Deflect By Colin Blackwell.
13:02 of 3rd period - Stopped by Pavel Francouz without a rebound.
13:03 of 3rd period - Tanner Laczynski wins face-off versus Trevor Lewis in Ste. Rose Royals zone.
13:29 of 3rd period - Nicolas Deslauriers is hit by Joel Armia and loses puck.
13:45 of 3rd period - Icing by Derek Ryan.
13:46 of 3rd period - Derek Ryan wins face-off versus Sean Monahan in Ste. Rose Royals zone.
14:20 of 3rd period - Slapshot by Nicolas Deslauriers.
14:20 of 3rd period - Stopped by Pavel Francouz without a rebound.
14:21 of 3rd period - Sean Monahan wins face-off versus Derek Ryan in Ste. Rose Royals zone.
14:26 of 3rd period - Wrist shot by Denis Gurianov.
14:26 of 3rd period - Stopped by Pavel Francouz with a rebound.
14:32 of 3rd period - Snap shot by Sean Monahan.
14:32 of 3rd period - Stopped by Pavel Francouz with a rebound.
14:34 of 3rd period - Snap shot by Ville Heinola.
14:34 of 3rd period - Shot Blocked by Jaycob Megna.
14:36 of 3rd period - Wrist shot by Denis Gurianov.
14:36 of 3rd period - Stopped by Pavel Francouz without a rebound.
14:37 of 3rd period - Raphael Lavoie wins face-off versus Trevor Lewis in Ste. Rose Royals zone.
14:52 of 3rd period - Slapshot by Trevor Lewis.
14:52 of 3rd period - Shot Misses the Net.
15:09 of 3rd period - Wrist shot by Kaapo Kakko.
15:09 of 3rd period - Stopped by Dustin Tokarski with a rebound.
15:11 of 3rd period - Wrist shot by Joel Armia.
15:11 of 3rd period - Shot Misses the Net.
15:45 of 3rd period - Slapshot by Greg Pateryn.
15:45 of 3rd period - Deflect By Colin Blackwell.
15:45 of 3rd period - Stopped by Dustin Tokarski with a rebound.
16:15 of 3rd period - Snap shot by Raphael Lavoie.
16:15 of 3rd period - Stopped by Pavel Francouz without a rebound.
16:16 of 3rd period - Sean Monahan wins face-off versus Trevor Lewis in Ste. Rose Royals zone.
17:32 of 3rd period - Sean Monahan is hit by Nathan Beaulieu and loses puck.
17:37 of 3rd period - Snap shot by Colin Blackwell.
17:37 of 3rd period - Stopped by Dustin Tokarski with a rebound.
17:55 of 3rd period - Wrist shot by Max Comtois.
17:55 of 3rd period - Stopped by Pavel Francouz without a rebound.
17:56 of 3rd period - Sean Monahan wins face-off versus Joel Armia in Ste. Rose Royals zone.
17:57 of 3rd period - Backhand shot by Denis Gurianov.
17:57 of 3rd period - Stopped by Pavel Francouz with a rebound.
17:59 of 3rd period - Slapshot by Jon Merrill.
17:59 of 3rd period - Shot Misses the Net.
18:01 of 3rd period - Snap shot by Sean Monahan.
18:01 of 3rd period - Shot Blocked by Joel Hanley.
18:03 of 3rd period - Wrist shot by Denis Gurianov.
18:03 of 3rd period - Shot Blocked by Libor Hajek.
18:05 of 3rd period - Wrist shot by Sean Monahan.
18:05 of 3rd period - Stopped by Pavel Francouz with a rebound.
18:07 of 3rd period - Slapshot by Jon Merrill.
18:07 of 3rd period - Deflect By Denis Gurianov.
18:07 of 3rd period - Shot Blocked by Libor Hajek.
18:07 of 3rd period - Puck is out of play.
18:08 of 3rd period - Sean Monahan wins face-off versus Joel Armia in Ste. Rose Royals zone.
18:21 of 3rd period - Alex Chiasson is hit by Jaycob Megna and loses puck.
18:38 of 3rd period - Slapshot by Jon Merrill.
18:38 of 3rd period - Deflect By Max Comtois.
18:38 of 3rd period - Stopped by Pavel Francouz with a rebound.
18:40 of 3rd period - Wrist shot by Nicolas Deslauriers.
18:40 of 3rd period - Stopped by Pavel Francouz without a rebound.
18:41 of 3rd period - Raphael Lavoie wins face-off versus Ryan Poehling in Ste. Rose Royals zone.
19:18 of 3rd period - Minor Penalty to Alec Regula for Tripping.
19:19 of 3rd period - Derek Ryan wins face-off versus Sean Monahan in Newfoundland Shamrocks zone.
19:21 of 3rd period - Wrist shot by Derek Ryan.
19:21 of 3rd period - Stopped by Dustin Tokarski with a rebound.
19:23 of 3rd period - Wrist shot by Kaapo Kakko.
19:23 of 3rd period - Shot Misses the Net.
19:25 of 3rd period - Slapshot by Joel Armia.
19:25 of 3rd period - Deflect By Kaapo Kakko.
19:25 of 3rd period - Stopped by Dustin Tokarski with a rebound.
19:27 of 3rd period - Slapshot by Kaapo Kakko.
19:27 of 3rd period - Shot Blocked by Jon Merrill.
19:29 of 3rd period - Snap shot by Derek Ryan.
19:29 of 3rd period - Goal by Derek Ryan - Newfoundland Shamrocks : 3 - Ste. Rose Royals : 4.
19:30 of 3rd period - Raphael Lavoie wins face-off versus Derek Ryan in neutral zone.
19:36 of 3rd period - Newfoundland Shamrocks, Dustin Tokarski is pulled from the net.
Goals for this period are 0 for Newfoundland Shamrocks vs 1 for Ste. Rose Royals.
Shots for this period are 16 for Newfoundland Shamrocks vs 9 for Ste. Rose Royals.
Back to the Top